 Dungeon Sprint DCSS version 0.31-a0-37-g98a128e1d9 (webtiles) character file.

Game seed: 8671431303415418179

270 bmack86 the Cleaver (level 6, -2/93 HPs)
             Began as a Minotaur Berserker on May 14, 2023.
             Was a Believer of Trog.
             Slain by a slime creature (18 damage)
             ... in the Dungeon (Sprint I: "Red Sonja").
             The game lasted 00:01:38 (351 turns).

bmack86 the Cleaver (Minotaur Berserker)             Turns: 351, Time: 00:01:39

Health: -2/93      AC:  4    Str: 23    XL:     6   Next: 1%
Magic:  5/5        EV: 12    Int:  4    God:    Trog [**....]
Gold:   162        SH:  0    Dex: 10    Spells: 5/5 levels left

rFire   . . .        l - +2 scythe (venom)
rCold   . . .        (shield currently unavailable)
rNeg    . . .        j - +0 leather armour
rPois   .            (helmet restricted)
rElec   .            (no cloak)
rCorr   .            (no gloves)
SInv    .            (no boots)
Will    .....        (no amulet) Stlth
                     (no ring)
HPRegen 0.35/turn    (no ring)
MPRegen 0.09/turn

%: no teleportation
@: berserking, very quick
A: horns 2, retaliatory headbutt
a: Renounce Religion, Berserk, Trog's Hand


You were in the Dungeon.
You worshipped Trog.
Trog was pleased with you.
You visited 1 branch You collected 162 gold pieces.

Inventory:

Hand Weapons
 a - a +0 hand axe
 l - a +2 scythe of venom (weapon)
Armour
 b - a +0 animal skin
 j - a +0 leather armour (worn)
Wands
 i - a wand of paralysis (5)
Scrolls
 h - a scroll of blinking
Potions
 c - a potion of curing
 d - a potion of heal wounds
 e - a potion of haste
 f - 2 potions of magic
 g - a potion of berserk rage
 k - a potion of might {unknown}


   Skills:
 + Level 8.3 Fighting
 * Level 11.1 Axes
 + Level 7.8 Armour
 - Level 2.1 Dodging


You had 5 spell levels left.
You didn't know any spells.
Your spell library was empty.

Dungeon Overview and Level Annotations

Branches:
Dungeon (1/1)

Altars:
Makhleb
Xom
Jiyva
Lugonu


Innate Abilities, Weirdness & Mutations

You have a pair of horns on your head.
You reflexively headbutt those who attack you in melee.


Message History

You start resting.
You feel sick. x3
You are no longer poisoned.
You start resting.
You feel yourself speed up.
You start resting.
You recover from your berserk rage.
You start resting.
HP restored.
You open the door.
Found 108 gold pieces.
There is an open door here.
You now have 81 gold pieces (gained 27).
You now have 108 gold pieces (gained 27).
You now have 135 gold pieces (gained 27).
You now have 162 gold pieces (gained 27).
Your +2 scythe of venom begins to drip with poison!
l - a +2 scythe of venom (weapon)
You open the door.
A slime creature comes into view.
The slime creature quivers.
Found four altars.
Okay, then.
Reach: l) +2 scythe (venom)
Press: ? - help, Dir - move target, f - slime creature
Aim: a slime creature (about 18% to evade your +2 scythe of venom)
You reach to attack!
You slash the slime creature!
The slime creature is lightly wounded.
You puncture the slime creature!
The slime creature is moderately wounded.
The slime creature hits you!
You hit the slime creature.
The slime creature is moderately wounded.
The slime creature hits you!!
You impale the slime creature!! You headbutt the slime creature!
The slime creature is severely wounded.
The slime creature hits you!!
* * * LOW HITPOINT WARNING * * *
A red film seems to cover your vision as you go berserk!
You feel yourself moving faster!
You feel mighty! The slime creature hits you!!
You die...

################ ##
#<.#..').#..'..#__#
#..)..#..'[.#.@J..+
#..#####'#####+#__#
#..# #..# ## #..#
#### #..# #⌠⌠# ####


You could see a slime creature.

Vanquished Creatures
  Sigmund (D)
  An ogre (D)
  Ijyb (D)
3 creatures vanquished.

Notes
Turn   | Place    | Note
-------+----------+-------------------------------------------
     0 | D        | bmack86 the Minotaur Berserker began the quest for the Orb.
     0 | D        | Reached XP level 1. HP: 19/19 MP: 0/0
     2 | D        | Noticed Ijyb
     2 | D        | Paralysed by Ijyb for 2 turns
     7 | D        | Paralysed by Ijyb for 2 turns
    10 | D        | Killed Ijyb
    11 | D        | Reached skill level 5 in Fighting
    11 | D        | Reached skill level 6 in Axes
    11 | D        | Reached XP level 2. HP: 29/29 MP: 1/1
    55 | D        | Noticed an ogre
    60 | D        | Killed an ogre
    61 | D        | Reached skill level 8 in Axes
    61 | D        | Reached skill level 5 in Armour
    61 | D        | Reached XP level 3. HP: 18/38 MP: 2/2
    61 | D        | Reached XP level 4. HP: 21/45 MP: 3/3
   164 | D        | Noticed Sigmund
   175 | D        | Killed Sigmund
   175 | D        | Reached ** piety under Trog
   176 | D        | Reached skill level 11 in Axes
   176 | D        | Reached XP level 5. HP: 24/55 MP: 4/4
   176 | D        | Reached XP level 6. HP: 28/62 MP: 5/5
   346 | D        | Found a burning altar of Makhleb.
   346 | D        | Found a viscous altar of Jiyva.
   346 | D        | Found a shimmering altar of Xom.
   346 | D        | Found a corrupted altar of Lugonu.
   346 | D        | Noticed a slime creature
   351 | D        | Slain by a slime creature

Illustrated notes

Levels and vault maps discovered:
D:        dungeon_sprint_1 [red_sonja_temple_1, red_sonja_temple_small_1]

Skill      XL: |  1  2  3  4 |
---------------+-------------+-----
Fighting       | 5 6 8 |  8.3
Axes           | 6 8 11 | 11.1
Armour         | 4 5 7 |  7.8
Dodging        | |  2.1

Action                     |  1- 3 |  4- 6 || total
---------------------------+-------+-------++-------
  Melee: Hand axe          |     8 |     9 ||    17
         Headbutt          |     2 |     2 ||     4
         Halberd           |       |     4 ||     4
 Invoke: Berserk           |     2 |     2 ||     4
  Dodge: Dodged            |     2 |     1 ||     3

Table legend: (Time is in decaauts)
 A = Elapsed time spent in this place.
 B = Non-inter-level travel time spent in this place.
 C = Inter-level travel time spent in this place.
 D = Time resting spent in this place.
 E = Time spent auto-exploring this place.
 F = Levels seen in this place.
 G = Mean time per level.
                   A        B        C        D        E       F      G
               +--------+--------+--------+--------+--------+-----+--------+
         Total |    379 |    379 |      0 |    299 |      0 |   1 |  379.0 |
       Dungeon |    379 |    379 |      0 |    299 |      0 |   1 |  379.0 |
               +--------+--------+--------+--------+--------+-----+--------+

Top non-repeatable levels by time:
       D: 379 daAuts
